 Dungeon Crawl Stone Soup version 0.30-a0-341-g682706514a (webtiles) character file.

Game seed: 17889575552137913739

138 funkygono the Firebug (level 5, -2/38 HPs)
             Began as a Draconian Fire Elementalist on Nov 3, 2022.
             Slain by a scorpion (5 damage)
             ... on level 4 of the Dungeon.
             The game lasted 00:08:03 (3430 turns).

funkygono the Firebug (Draconian Fire Elementalist) Turns: 3430, Time: 00:08:03

Health: -2/38      AC:  6    Str: 10    XL:     5   Next: 1%
Magic:  3/9        EV: 12    Int: 18    God:
Gold:   157        SH:  5    Dex: 11    Spells: 4/10 levels left

rFire   . . .      SeeInvis .    i - +4 short sword (holy)
rCold   . . .      Faith    .    (no shield)
rNeg    . . .      Spirit   .    (body armour unavailable)
rPois   .          Reflect  +    (helmet restricted)
rElec   .          Harm     .    (no cloak)
rCorr   .          Rampage  .    r - +0 pair of gloves
Will    +....                    (no boots)
Stlth   ++........               g - amulet of reflection
HPRegen 0.26/turn                j - ring of flight
MPRegen 0.11/turn                s - ring of willpower

@: lethally poisoned (-2 -> -6), flying
A: AC +5, unfitting armour, cold-blooded
a: no special abilities


You were on level 4 of the Dungeon.
You visited 1 branch of the dungeon, and saw 4 of its levels.

You collected 157 gold pieces.

Inventory:

Hand Weapons
 i - a +4 short sword of holy wrath (weapon)
 l - a +2 dagger of venom
Armour
 r - a +0 pair of gloves (worn)
Magical Staves
 o - a staff of cold
 q - a staff of death
Jewellery
 g - an amulet of reflection (around neck)
 j - a ring of flight (left hand)
 s - a ring of willpower (right hand)
Scrolls
 d - a scroll of vulnerability
 f - a scroll of fog
 m - a scroll of teleportation
Potions
 a - a potion of magic
 c - 2 potions of ambrosia
 h - 3 potions of curing
 k - a potion of might
 p - a potion of berserk rage
 t - a potion of heal wounds {unknown}


   Skills:
 + Level 0.1 Short Blades
 + Level 1.9 Dodging
 + Level 2.2 Stealth
 + Level 3.1 Spellcasting
 + Level 1.8 Conjurations
 + Level 4.3 Fire Magic


You had 4 spell levels left.
You knew the following spells:

 Your Spells              Type           Power      Damage    Failure   Level
a - Foxfire               Conj/Fire      56%        2x1d6     4%          1
b - Scorch                Fire           36%        2d6       4%          2
c - Kindle Blastsparks    Fire/Tloc/Air  16%        2d11      26%         3

Your spell library contained the following spells:

 Spells                   Type           Power      Damage    Failure   Level
 Magic Dart               Conj           36%        1d4       8%          1
 Inner Flame              Hex/Fire       10%        N/A       21%         3
 Call Imp                 Summ           2%         N/A       24%         2
 Mephitic Cloud           Conj/Pois/Air  5%         N/A       36%         3
 Flame Wave               Conj/Fire      14%        2d6       41%         4


Dungeon Overview and Level Annotations

Branches:
Dungeon (4/15)
 Temple: D:4-7

Altars:


Innate Abilities, Weirdness & Mutations

Your plain brown scales are hard. (AC +5)
You cannot fit into any form of body armour.
You are cold-blooded and may be slowed by cold attacks.


Message History

The scorpion stings you. The scorpion attacks as you move away!
The scorpion stings you. You block the orc's attack.
The scorpion attacks as you move away! You block the scorpion's attack.
The scorpion stings you but does no damage.
The orc attacks as you move away! The orc hits you with a +0 hand axe.
The orc attacks as you move away! The orc hits you but does no damage.
The scorpion attacks as you move away! The scorpion stings you.
The scorpion stings you. The scorpion attacks as you move away!
The scorpion stings you but does no damage.
The scorpion stings you.
You are poisoned.
The scorpion poisons you!
You feel very sick.
You feel sick.
You feel sick.
You feel sick.
You feel sick. The scorpion barely misses you.
You feel sick.
You feel sick. The scorpion attacks as you move away! The scorpion stings you.
You are lethally poisoned!
The scorpion poisons you!
You feel very sick. The scorpion attacks as you move away!
The scorpion stings you but does no damage.
* * * LOW HITPOINT WARNING * * *
You feel very sick.
* * * LOW HITPOINT WARNING * * *
You feel very sick.
The scorpion stings you but does no damage.
* * * LOW HITPOINT WARNING * * *
You feel sick.
* * * LOW HITPOINT WARNING * * *
You feel sick.
There is a stone staircase leading up, spattered with blood here.
* * * LOW HITPOINT WARNING * * *
You feel sick. The scorpion stings you.
You die...

..#.###.##....#...##
....##..#..#.......#######
#...#.....##.............#
#.........####...........###
..####....# ##.........<..### ..#
#....# #..............### ....
##(..# #.##.####.##.....#
....###...#######..#####.......#
......#.####.#.)@so.##........##
.........###.......g....##...####
..###........####..###o.#........
##....##<####...#.......).....
#.....[###.....###.g..........
..##..>.#####...###.............
.........#......# ##........####
..##.....#......# #....##..#. ..
#...#...#....# ##o.........


You could see a scorpion, 2 orcs and a hobgoblin.

Vanquished Creatures
  4 adders
  2 worms
  7 orcs
  9 ball pythons
  9 endoplasms
  4 giant cockroaches
  7 goblins
  7 hobgoblins
  4 jackals (D:3)
  4 quokkas
  6 bats
  A frilled lizard (D:1)
  9 kobolds
  8 rats
81 creatures vanquished.

Vanquished Creatures (others)
  238 foxfires
  3 fungi (D:2)
241 creatures vanquished.

Grand Total: 322 creatures vanquished

Notes
Turn   | Place    | Note
-------+----------+-------------------------------------------
     0 | D:1      | funkygono the Draconian Fire Elementalist began the quest
                  | for the Orb.
     0 | D:1      | Reached XP level 1. HP: 14/14 MP: 3/3
   355 | D:1      | Reached XP level 2. HP: 20/20 MP: 1/5
   358 | D:1      | Learned a level 2 spell: Scorch
   827 | D:1      | Reached XP level 3. HP: 26/26 MP: 0/6
   831 | D:1      | Learned a level 3 spell: Kindle Blastsparks
  1663 | D:2      | Reached XP level 4. HP: 33/33 MP: 0/8
  2210 | D:3      | Reached skill level 4 in Fire Magic
  3280 | D:4      | Reached XP level 5. HP: 23/38 MP: 2/9
  3430 | D:4      | Slain by a scorpion

Illustrated notes

Levels and vault maps discovered:
D:1:      minmay_arrival_glassed_features, layout_loops_ring
D:2:      layout_rooms, minmay_shallow_snake_nest
D:3:      layout_rooms
D:4:      layout_cave_pools, kennysheep_orc_sif_temple, temple_doors_e

Skill      XL: |  1  2  3  4 |
---------------+-------------+-----
Stealth        | 2 |  2.2
Spellcasting   | 3 |  3.1
Fire Magic     | 4 |  4.3
Short Blades   | |  0.1
Dodging        | |  1.9
Conjurations   | |  1.8

Action                   |  1- 3 |  4- 6 || total
-------------------------+-------+-------++-------
Melee: Unarmed           |     4 |       ||     4
       Short sword       |     1 |     4 ||     5
 Cast: Foxfire           |    65 |    74 ||   139
       Scorch            |    10 |     7 ||    17
  Use: Scroll            |       |     9 ||     9
Armor: Skin              |     2 |    10 ||    12
Dodge: Dodged            |     9 |    21 ||    30
Block: Other             |     4 |    16 ||    20

Table legend: (Time is in decaauts)
 A = Elapsed time spent in this place.
 B = Non-inter-level travel time spent in this place.
 C = Inter-level travel time spent in this place.
 D = Time resting spent in this place.
 E = Time spent auto-exploring this place.
 F = Levels seen in this place.
 G = Mean time per level.
                   A        B        C        D        E       F      G
               +--------+--------+--------+--------+--------+-----+--------+
         Total |   3431 |   3367 |     64 |     18 |   2756 |   4 |  857.8 |
       Dungeon |   3431 |   3367 |     64 |     18 |   2756 |   4 |  857.8 |
               +--------+--------+--------+--------+--------+-----+--------+

Top non-repeatable levels by time:
     D:1: 1249 daAuts
     D:3: 1066 daAuts
     D:2: 827 daAuts
     D:4: 287 daAuts
